Construct Light Support Kompanie
Panzerjäger Mechanized Group
Construct Panzerarmee Kommand
Selects Registered Artillery
Flak 36 Anti-tank Gun Team
Selects Towed Cannone da 105/28 Field Howitzer
Selects Defensive Operations
Selects Territory Booby Traps
Selects Towed Cannone da 105/28 Field Howitzer
Selects Defensive Operations
Selects Prepared Positions
Pak 38 Anti-tank Gun Team
Pak 38 Anti-tank Gun Team
Selects Obice 305mm Barrage
Flak 36 Anti-tank Gun Team
Construct Mechanized Kompanie
18-tonne Recovery Half-track